cohdb
Replays
Latest Replays
All Replays
Popular Replays
Top Player Replays
Match Explorer
How It Works
Community
CoH3 Stats
Reddit
Sign in to upload your games and track your stats! →
Sign in with Steam
Match 42279933
Unlisted
Match 42279933
Overview
Messages
Build Orders
End
Royal Engineer Section
Construct Section Command Post
Dingo Light Scout Car
Vickers Machine Gun Team
ML 3-inch Mortar Team
Construct Platoon Command Post
Selects Air and Sea Battlegroup
Selects Commando Section Paradrop
Selects M1 Pack Howitzer Paradrop
Humber Armored Car
6-pounder Anti-tank Gun Team
Construct Field Infirmary
Construct Company Command Post
Selects Supply Surplus
Foot Guards Section
Foot Guards Section
Selects UNKNOWN (223837)
Matilda II Heavy Tank
Selects Incendiary Bombing Run
Incendiary Bombing Run
Unlock Towed 17-pounder Anti-tank Guns
17-pounder Anti-tank Gun Team
Commando Section Paradrop
AI Takeover
RunningWithFate
Onoyk
OHxYEAHxJNP
Hunter
0
0
Comments
sign in to comment!
No comments posted yet!